Get step-by-step instructions on how to execute this build order below. Start the game timer, and the build order will tick by so you can play in parallel with StarCraft on a second screen or mobile device.

Game Time

  0:00

Last Step

  N/A

Next Step

Upcoming Step



Don't want to look back and forth between 2 screens? Try out our Overwolf App, the Spawning Tool Build Advisor to get an in-game overlay with this build!

Complete Build Order

  12  0:00  Drone  
  13  0:12  Overlord  
  13  0:17  Drone  
  14  0:30  Drone x2  
  16  0:50  Hatchery  
  16  0:54  Drone  
  16  0:56  Drone  
  17  1:04  Drone  
  18  1:13  Extractor  
  18  1:18  Spawning Pool  
  16  1:22  Drone  
  17  1:26  Drone  
  17  1:30  Drone  
  19  1:42  Drone  
  20  1:56  Hatchery  
  19  2:06  Drone  
  20  2:09  Queen  
  22  2:20  Queen  
  24  2:26  Metabolic Boost  
  24  2:31  Drone  
  24  2:35  Drone  
  26  2:39  Drone x2  
  28  2:45  Overlord  
  28  2:54  Overlord  
  28  3:03  Queen  
  30  3:09  Queen  
  30  3:11  Drone  
  33  3:19  Drone x3  
  36  3:28  Drone  
  36  3:29  Roach Warren  
  36  3:30  Drone  
  37  3:38  Drone  
  37  3:41  Drone, Baneling Nest  
  39  3:44  Extractor  
  37  3:51  Queen  
  37  3:53  Zergling x2  
  40  3:55  Zergling x2  
  40  3:58  Zergling x2  
  40  4:00  Zergling x2  
  43  4:04  Zergling x2  
  43  4:05  Zergling x2  
  43  4:07  Zergling x2  
  46  4:29  Zergling x2  
  46  4:30  Zergling x12  
  46  4:38  Zergling x2  
  46  4:39  Zergling x6  
  50  4:56  Overlord x4  
  50  4:57  Overlord  
  50  5:03  Lair  
  50  5:12  Overlord  
  50  5:14  Queen  
  50  5:17  Overlord  
  52  5:22  Drone x4  
  52  5:24  Drone x2  
  52  5:26  Drone x2  
  60  5:33  Drone x2  
  62  5:49  Spore Crawler  
  61  5:50  Drone  
  61  5:52  Extractor  
  61  5:54  Extractor  
  60  6:00  Drone x3  
  60  6:01  Drone x3  
  60  6:03  Drone  
  60  6:04  Drone x3  
  69  6:06  Drone  
  69  6:07  Extractor  
  69  6:09  Spire  
  69  6:11  Drone x5  
  74  6:15  Pneumatized Carapace  
  68  6:26  Spore Crawler  
  67  6:49  Drone  
  67  6:50  Drone x13  
  81  6:55  Glial Reconstitution, Evolution Chamber x2  
  81  6:56  Centrifugal Hooks  
  81  6:57  Roach  
  81  6:58  Roach x2  
  85  7:05  Extractor  
  85  7:06  Drone x3  
  85  7:07  Drone  
  85  7:08  Drone x2  
  90  7:12  Drone, Overlord  
  90  7:13  Overlord  
  91  7:18  Baneling x3  
  91  7:19  Baneling x9  
  91  7:20  Baneling  
  91  7:22  Zerg Melee Weapons Level 1  
  91  7:34  Overseer  
  91  7:37  Overseer  
  91  7:42  Zerg Ground Armor Level 1  
  91  7:44  Drone  
  91  7:49  Mutalisk  
  91  7:50  Mutalisk  
  96  7:51  Evolution Chamber  
  96  7:54  Overlord x4  
  96  7:56  Drone x2  
  97  8:05  Overseer  
  97  8:06  Overseer x2  
  97  8:17  Mutalisk x3  
  103  8:20  Baneling  
  103  8:21  Zergling x2, Baneling x3  
  103  8:22  Zergling x20  
  114  8:35  Hatchery  
  114  8:36  Drone  
  114  8:38  Mutalisk, Zerg Flyer Weapons Level 1  
  114  8:40  Infestation Pit  
  115  8:44  Overlord x2  
  115  8:47  Overseer  
  115  8:48  Overseer x2  
  115  9:04  Mutalisk  
  115  9:05  Mutalisk  
  115  9:08  Zergling x2  
  115  9:09  Zergling x16  
  128  9:17  Hive, Extractor  
  127  9:26  Zerg Melee Weapons Level 2  
  127  9:30  Mutalisk x2  
  131  9:34  Overlord x2  
  131  9:35  Overlord x2  
  131  9:37  Zergling x2, Zerg Missile Weapons Level 1  
  131  9:38  Zergling x8  
  130  9:55  Drone x2  
  116  10:09  Mutalisk x5  
  126  10:21  Mutalisk  
  126  10:22  Mutalisk  
  126  10:28  Mutalisk  
  121  10:42  Mutalisk x3  
  119  10:48  Queen  
  123  11:10  Drone x3  
  123  11:11  Drone x9  
  132  11:22  Zerg Ground Armor Level 2  
  132  11:23  Viper x2  
  132  11:25  Hatchery  
  137  11:26  Extractor  
  136  11:33  Extractor  
  136  11:34  Drone x3  
  136  11:36  Drone x9  
  147  11:43  Drone  
  147  11:45  Viper x2  
  154  11:54  Zergling x18  
  155  11:55  Zergling x4  
  155  11:58  Drone  
  155  11:59  Drone  
  167  12:06  Extractor  
  167  12:08  Viper x2  
  166  12:15  Zerg Melee Weapons Level 3  
  172  12:18  Adrenal Glands  
  172  12:20  Overlord x3  
  172  12:21  Overlord x4  
  172  12:23  Overseer  
  172  12:24  Overseer  
  172  12:26  Overseer  
  172  12:43  Corruptor x4  
  174  12:48  Corruptor  
  174  12:51  Queen  
  184  12:53  Drone  
  184  13:21  Corruptor x7  
  184  13:25  Zerg Flyer Weapons Level 2  
  198  13:31  Hatchery  
  197  13:35  Drone x2  
  199  13:46  Extractor  
  194  14:52  Corruptor x3  
  174  14:59  Queen  
  162  15:10  Zergling x14  
  162  15:11  Zergling x58  
  162  15:12  Zergling x2  
  199  15:23  Overlord x3  
  199  15:26  Overlord  
  199  15:27  Overlord  
  199  15:30  Baneling  
  199  15:31  Baneling x20  
  199  15:32  Baneling x7  
  199  15:34  Baneling x5  
  199  15:35  Baneling x6  
  175  16:08  Extractor  
  160  16:12  Viper x4  
  170  16:21  Infestor  
  170  16:22  Infestor x3  
  170  16:25  Neural Parasite, Ultralisk Cavern  
  177  16:27  Zergling x2  
  177  16:28  Zergling x30  
  177  16:29  Zergling x14  
  181  16:45  Zergling x2  
  181  16:46  Zergling x30  
  188  16:49  Baneling x7  
  150  17:23  Ultralisk x7  
  150  17:25  Viper x2  
  197  17:35  Drone x4  
  197  17:36  Drone  
  187  17:40  Drone  
  182  17:57  Greater Spire  
  182  17:58  Queen, Chitinous Plating  
  179  18:01  Zergling x18  
  179  18:02  Zergling x12  
  196  18:07  Drone x2  
  196  18:08  Drone  
  199  18:13  Zerg Ground Armor Level 3, Zerg Missile Weapons Level 2  
  199  18:36  Overlord  
  199  18:37  Overlord x2  
  187  19:17  Anabolic Synthesis  
  168  19:35  Zergling x26  
  168  19:36  Zergling x2  
  168  19:38  Viper x3  
  170  19:42  Zergling x2  
  170  19:43  Zergling x14  
  187  19:50  Hatchery  
  186  19:54  Zerg Flyer Weapons Level 3  
  186  19:58  Brood Lord x6  
  186  19:59  Brood Lord  
  200  20:33  Baneling x7  
  200  20:34  Baneling x4  
  200  20:35  Baneling x3  
  200  20:42  Extractor x2  
  198  20:43  Corruptor  
  155  21:40  Corruptor x3, Hatchery  
  155  21:41  Corruptor x6  
  172  21:51  Zerg Missile Weapons Level 3  
  172  21:58  Hatchery  
  155  22:49  Hatchery  
  154  23:00  Overseer x3  
  98  23:44  Corruptor x3  
  98  23:45  Corruptor x6  
  102  24:04  Ultralisk x5  
  102  24:05  Ultralisk  
  138  24:11  Viper x5  
  151  24:17  Brood Lord  
  151  24:19  Zergling x26  
  151  24:20  Zergling x28  
  151  24:23  Queen  
  180  24:36  Drone x2  
  180  24:37  Drone  
  183  24:52  Ultralisk, Extractor  
  194  24:53  Ultralisk x2  
  194  24:56  Baneling  
  194  24:57  Baneling x5  
  200  25:01  Overseer  
  200  25:02  Overseer  
  186  25:41  Overlord x4  
  186  25:42  Overlord x2  
  181  25:48  Overlord x2  
  181  25:49  Overlord  
  175  26:01  Brood Lord x6  
  175  26:03  Zergling x8  
  175  26:04  Zergling x16  
  199  26:16  Hatchery  
  159  26:42  Ultralisk  
  159  26:43  Ultralisk  
  159  26:44  Zergling x2  
  159  26:45  Zergling x36  
  175  26:53  Extractor  
  140  27:12  Ultralisk  
  140  27:13  Corruptor x3  
  112  27:34  Corruptor x3  
  116  27:44  Corruptor  
  116  27:48  Queen  
  116  27:49  Drone x2  
  116  27:50  Drone  
  123  27:59  Extractor  
  122  28:13  Drone x2  
  122  28:16  Corruptor  
  116  29:17  Drone  
  116  29:18  Drone x4  
  123  29:24  Ultralisk x3  
  123  29:25  Zergling x2  
  123  29:26  Zergling x32  
  123  29:27  Zergling x2  
  123  29:52  Zerg Flyer Armor Level 1  
  119  29:58  Baneling x4  
  119  29:59  Baneling x2  
  119  30:00  Viper x2  
  125  30:09  Drone x2  
  125  30:10  Drone x10  
  137  30:17  Hatchery  
  137  30:28  Zergling x2  
  137  30:29  Zergling x22  
  124  31:00  Hydralisk Den  
  123  31:07  Drone x3, Extractor  
  123  31:09  Drone x14  
  139  31:12  Baneling  
  139  31:13  Baneling x16  
  139  31:14  Baneling x4  
  139  31:19  Drone x3  
  139  31:21  Overseer  
  139  31:22  Overseer  
  139  31:23  Overseer  
  140  31:39  Corruptor  
  140  31:40  Corruptor x4  
  150  32:03  Corruptor  
  150  32:04  Corruptor x5  
  150  32:07  Zergling x8  
  166  32:19  Ultralisk  
  166  32:21  Hatchery  
  171  32:43  Corruptor x4  
  179  32:47  Brood Lord  
  163  33:18  Brood Lord x2  
  163  33:19  Brood Lord x2  
  171  33:33  Zergling x2  
  161  33:34  Zergling x40  
  161  33:35  Zergling x36  
  186  34:09  Hatchery  
  185  34:14  Brood Lord  
  185  34:15  Brood Lord x5  
  185  35:15  Corruptor  
  185  35:16  Corruptor x6  
  199  35:38  Corruptor  
  199  35:39  Corruptor x5  
  199  35:42  Zergling x8  
  183  35:43  Zergling x42  
  150  36:00  Zergling x2  
  150  36:01  Zergling x6  
  150  36:02  Zergling x10  
  150  36:03  Zergling x6  
  152  36:13  Drone x3  
  136  36:37  Baneling  
  136  36:38  Baneling x15  
  129  36:44  Muscular Augments  
  129  36:58  Hydralisk x4  
  117  37:23  Hatchery  
  117  37:24  Extractor  
  117  37:27  Extractor  
  107  37:32  Hydralisk  
  107  37:33  Hydralisk x12  
  123  37:48  Grooved Spines  
  119  37:55  Hydralisk x5  
  119  37:56  Hydralisk x3  
  119  37:58  Zergling x2  
  136  37:59  Zergling x2  
  137  38:15  Overseer x3  
  137  38:16  Overseer  
  133  38:27  Zergling x16  
  133  38:28  Zergling x12  
  133  38:31  Overseer x2  
  133  38:33  Overseer x2  
  147  38:41  Drone x3  
  116  39:10  Queen  
  116  39:15  Queen  
  120  39:32  Corruptor x8  
  136  39:49  Zergling x14  
  136  39:51  Hydralisk x4  
  143  40:18  Brood Lord  
  143  40:19  Brood Lord x6  
  157  40:21  Zergling x2  
  157  40:22  Zergling x10  
  152  40:44  Viper x3  
  152  40:48  Zergling x14